 Dungeon Crawl Stone Soup version 0.30.0-20-g3615ddf2f0 (webtiles) character file.

Game seed: 4092298592981608962

138063 qw the Severer (level 17, -20/110 HPs)
             Began as a Gargoyle Fighter on June 1, 2023.
             Was an Elder of Okawaru.
             Killed from afar by a salamander mystic (26 damage)
             ... with a bolt of magma
             ... on level 3 of the Snake Pit.
             The game lasted 00:17:27 (26750 turns).

qw the Severer (Gargoyle Fighter)                  Turns: 26750, Time: 00:17:27

Health: -20/110    AC: 56    Str: 29    XL:     17   Next: 25%
Magic:  23/24      EV: 15    Int:  8    God:    Okawaru [****..]
Gold:   51         SH: 13    Dex:  9    Spells: 16/16 levels left

rFire   . . .        Y - +4 broad axe (protect)
rCold   + . .        y - +0 kite shield {rC+}
rNeg    + . .        f - +0 plate armour
rPois   inf          E - +2 helmet {SInv}
rElec   +            g - +1 cloak
rCorr   .            s - +2 pair of gloves {Stlth+}
SInv    +            x - +0 pair of boots
Will    +....        u - amulet of faith Stlth
                     a - +5 ring of evasion
HPRegen 0.38/turn    F - +4 ring of protection
MPRegen 0.19/turn

%: faith
@: heroic, under a protective aura, flying, slowed, very slow
A: sickness immunity, AC +12, big wings, negative energy resistance 1,
electricity resistance, torment resistance 1, petrification resistance,
iridescent scales 1, mutation resistance 1
a: Renounce Religion, Heroism, Finesse


You were on level 3 of the Snake Pit.
You worshipped Okawaru.
Okawaru was greatly pleased with you.
You visited 5 branches of the dungeon, and saw 26 of its levels.
You also visited: Sewer.

You collected 2372 gold pieces.
You spent 2321 gold pieces at shops.


Innate Abilities, Weirdness & Mutations

You are immune to sickness and miasma.
Your stone body is resilient. (AC +12)
You are immune to poison.
Your large and strong wings let you fly.
You resist negative energy. (rN+)
You are resistant to electric shocks. (rElec)
You are resistant to unholy torment.
You are immune to petrification.
You are partially covered in iridescent scales. (AC +2)
You are somewhat resistant to further mutation.


   Skills:
 + Level 13.8(18.8) Fighting
 - Level 18.0(23.0) Axes
 - Level 7.0(12.0) Throwing
 - Level 13.0(18.0) Armour
 - Level 3.4(8.4) Dodging
 - Level 13.5(18.5) Shields
 - Level 10.0 Invocations


You had 16 spell levels left.
You didn't know any spells.
Your spell library was empty.

Inventory:

Hand Weapons
 z - the +7 hand axe "Kaokoh" {flame, Will+ Dex+3}
   (You found it on level 11 of the Dungeon)

   Dex:       It affects your dexterity (+3).
   Will:      It increases your willpower.
 Y - a +4 broad axe of protection (weapon)
Missiles
 c - 8 boomerangs
 w - 3 silver boomerangs
 D - 5 silver javelins (quivered)
Armour
 f - a +0 plate armour (worn)
 g - a +1 cloak (worn)
 q - the +4 skin of Zhor {*Englaciate rC+++ SInv}
   (You found it on level 14 of the Dungeon)

   *Englaciate: It radiates cold, occasionally slowing all nearby creatures who
   are not resistant to cold.
   rC:        It renders you almost immune to cold.
   SInv:      It lets you see invisible.
 s - a +2 pair of gloves of stealth (worn)
 v - +0 acid dragon scales
 x - a +0 pair of boots (worn)
 y - a +0 kite shield of cold resistance (worn)
 B - a +1 chain mail of cold resistance
 E - a +2 helmet of see invisible (worn)
Jewellery
 a - a +5 ring of evasion (left hand)
 p - a ring of protection from fire
 u - an amulet of faith (around neck)
 A - an amulet of reflection
 F - a +4 ring of protection (right hand)
 G - the amulet "Xuonik" {Spirit Fly rElec rC++}
   (You bought it in a shop on level 2 of the Orcish Mines)

   [amulet of guardian spirit]

   It causes incoming damage to be divided between your reserves of health and
   magic.
   rC:        It greatly protects you from cold.
   rElec:     It insulates you from electricity.
   Fly:       It grants you flight.
Scrolls
 k - 10 scrolls of identify
Potions
 d - 3 potions of might
 h - a potion of cancellation
 i - 5 potions of attraction
 j - 4 potions of mutation
 l - 5 potions of haste
 o - 11 potions of curing
 r - 3 potions of lignification
 t - 2 potions of magic

Dungeon Overview and Level Annotations

Branches:
Dungeon (15/15)            Temple (1/1) D:5            Lair (5/5) D:10
 Shoals (0/4) Lair:2        Snake (3/4) Lair:2        Slime (0/5) Lair:4
    Orc (2/2) D:11            Elf (0/3) Orc:2        Vaults (0/5) D:13
 Depths (0/4) D:15          Sewer (visited)

Altars:
Ashenzari
Cheibriados
Dithmenos
Elyvilon
Fedhas
Gozag
Hepliaklqana
Kikubaaqudgha
Makhleb
Nemelex Xobeh
Okawaru
Qazlal
Ru
Sif Muna
Trog
Uskayaw
Vehumet
Wu Jian
Xom
Yredelemnul
Zin
The Shining One

Shops:
Orc:1 (   Orc:2 [=?*   Snake:1 *   Snake:2 ==:   Snake:3 =(

Annotations:
Lair:4 1 runed translucent door
Orc:2 1 runed translucent door


Message History

The naga warrior constricts you.
26747 ||| INVOKING Heroism.
You gain the combat prowess of a mighty hero.
The salamander hits you from afar with a +4 trident of venom!
You are engulfed in flames!
You block the salamander's attack. The naga warrior barely misses you.
The naga warrior constricts you.
The salamander mystic hits you but does no damage.
The salamander hits you from afar with a +4 trident of venom!
You are engulfed in flames!
The salamander hits you but does no damage.
The naga warrior spits poison at you.
The splash of poison hits you but does no damage.
You resist. The naga warrior constricts you.
The naga hits you but does no damage. You block the naga's attack.
You slice the naga warrior!!
The naga warrior is severely wounded.
You slash the naga! You slash the salamander! You barely miss the naga.
You barely miss the salamander mystic.
The salamander mystic hits you with a +0 quarterstaff.
You are engulfed in flames!
The salamander hits you but does no damage. x2
You block the naga's attack. The naga warrior misses you.
The naga warrior constricts you. The naga completely misses you.
You slice the naga warrior!!
You kill the naga warrior!
Okawaru accepts your kill.
You hit the salamander.
You kill the salamander!
Okawaru accepts your kill.
You barely miss the naga. You slash the salamander mystic! You hit the naga.
The salamander mystic completely misses you.
The salamander misses you. The naga misses you. x2
You block the naga's attack. The naga grabs you. The naga constricts you.
You slice the naga!!
You kill the naga!
Okawaru accepts your kill.
You hit the salamander mystic. You hit the naga.
The salamander mystic casts a spell at you.
The bolt of magma hits you!!
You die...

........# .......'...
..######.# ###....#...
....####.# #....#...
.........# #....#...
.........# .#....#...
.........# ...+....#...
.........# #..###....#...
.........###.........###...
.........)@N.8....
.........)N)N.....
#####.............
#.............
##.........>..
#............ ##.####.8....
.. ......


You could see a salamander mystic (strong), a salamander (strong) and a naga
(strong).

Vanquished Creatures
  Vashnia (Snake:2)
  Agnes (Snake:1)
  Gastronok (D:8)
  Kirke (Lair:4)
  An orc warlord (D:13)
  Aizul (Snake:1)
  A stone giant (D:15)
  Snorg (D:14)
  A yaktaur captain (D:13)
  Harold (D:9)
  6 hydras
  A salamander tyrant (Snake:2)
  4 catoblepae
  2 death knights
  2 ogre magi
  4 anacondas
  9 boulder beetles
  6 centaur warriors
  Erica (D:8)
  15 two-headed ogres
  2 naga warriors (Snake:3)
  11 death yaks
  4 orc high priests
  8 naga sharpshooters
  5 tengu warriors
  3 shock serpents
  2 skysharks
  A salamander mystic (Snake:2)
  4 skeletal warriors
  3 naga ritualists
  6 orc knights
  A phantasmal warrior (D:14)
  18 ugly things
  An oklob plant (Lair:4)
  5 mana vipers
  4 orc sorcerers
  10 salamanders
  2 cyclopes
  5 manticores
  3 elephants
  Maurice (D:13)
  9 naga magi
  Joseph (D:8)
  3 guardian serpents
  A torpor snail (D:14)
  5 cane toads
  23 black mambas
  3 gargoyles
  11 rime drakes
  A kobold demonologist (D:11)
  Psyche (D:8)
  3 efreet
  9 komodo dragons
  2 yaktaurs (D:13)
  Maggie (D:8)
  3 freezing wraiths (D:14)
  4 meliai
  A troll (shapeshifter) (D:13)
  A polar bear (Lair:3)
  Prince Ribbit (D:5)
  A queen bee (D:15)
  7 trolls
  Grinder (D:3)
  15 blink frogs
  6 dream sheep (Lair:5)
  10 slime creatures
  A vampire (D:13)
  2 shadows
  39 yaks
  6 wyverns
  2 wraiths
  4 basilisks
  2 hogs (Lair:4)
  4 humans (Lair:4)
  3 steam dragons
  Menkaure (D:5)
  12 vampire mosquitoes
  Edmund (D:4)
  2 wargs (Orc:1)
  5 acid dragons
  23 nagas
  14 water moccasins
  Pargi (Sewer)
  5 ice beasts
  A sky beast (D:8)
  24 orc warriors
  10 ogres
  A black bear (Lair:3)
  10 wolves
  10 centaurs
  3 phantoms
  4 kobold brigands
  9 bullfrogs
  A gnoll sergeant (D:7)
  A scorpion (D:5)
  19 killer bees
  2 howler monkeys
  5 hounds
  2 jellies
  3 gnoll boudas
  13 orc priests
  2 sleepcaps
  An iguana (D:4)
  22 orc wizards
  Ijyb (D:3)
  Robin (D:2)
  16 gnolls
  10 adders
  A shadow imp (D:5)
  5 white imps
  2 ufetubi (D:6)
  A worm (D:2)
  2 dart slugs
  71 orcs
  16 ball pythons
  5 endoplasms
  4 giant cockroaches
  21 goblins
  5 hobgoblins
  6 jackals
  4 quokkas
  5 bats
  7 frilled lizards
  26 kobolds
  9 rats
  A butterfly (D:4)
771 creatures vanquished.

Vanquished Creatures (others)
  A meliai simulacrum (D:13)
  An orc priest (Orc:2)
  A gnoll (D:8)
  A white imp (D:8)
4 creatures vanquished.

Grand Total: 775 creatures vanquished

Notes
Turn   | Place    | Note
-------+----------+-------------------------------------------
     0 | D:1      | qw the Gargoyle Fighter began the quest for the Orb.
     0 | D:1      | Reached XP level 1. HP: 14/14 MP: 1/1
     0 | D:1      | 0 ||| qw: Version: 0.2-a-102-gdf20003
     0 | D:1      | 0 ||| qw: Game counter: 759
     0 | D:1      | 0 ||| qw: Always use a shield: true
     0 | D:1      | 0 ||| qw: God list: Okawaru
     0 | D:1      | 0 ||| qw: Allow faded altars: false
     0 | D:1      | 0 ||| qw: Do Orc after D:15 true
     0 | D:1      | 0 ||| qw: Do second Lair branch before Depths: true
     0 | D:1      | 0 ||| qw: Lair rune preference: random
     0 | D:1      | 0 ||| qw: Plans: Normal, Zot:1-4, Slime:5, God:TSO, Crypt,
                  | Tomb, Pan, Hells, Abyss, Win
     0 | D:1      | 0 ||| PLANNING D:1-11
    46 | D:1      | Reached skill level 2 in Axes
   172 | D:1      | Reached XP level 2. HP: 19/19 MP: 2/2
   369 | D:1      | Reached skill level 3 in Axes
   410 | D:1      | 410 ||| DROPPING +0 club.
   453 | D:1      | Reached XP level 3. HP: 23/23 MP: 3/3
   626 | D:1      | 626 ||| Stepping ~*~*~tactically~*~*~ (hiding).
   627 | D:1      | 627 ||| Stepping ~*~*~tactically~*~*~ (hiding).
   629 | D:1      | 629 ||| Stepping ~*~*~tactically~*~*~ (hiding).
   860 | D:1      | 860 ||| UPGRADING to ring of see invisible.
   861 | D:1      | 861 ||| DROPPING ring of magical power.
   862 | D:1      | 862 ||| UPGRADING to +6 ring of strength.
   863 | D:1      | 863 ||| READING 2 scrolls labelled TILERO SAAR.
   864 | D:1      | 864 ||| READING scroll of enchant weapon.
   864 | D:1      | 864 ||| ENCHANTING +1 war axe.
   865 | D:1      | 865 ||| READING scroll labelled OZI YRGHEANOURCH.
   866 | D:1      | 866 ||| READING scroll labelled RABAQO GOAJUAP.
   888 | D:2      | 888 ||| STAIRDANCE
   954 | D:2      | Noticed Robin
   965 | D:2      | Killed Robin
   969 | D:2      | Reached XP level 4. HP: 27/28 MP: 4/4
  1025 | D:2      | 1025 ||| Stepping ~*~*~tactically~*~*~ (stealth).
  1123 | D:2      | Reached skill level 4 in Axes
  1149 | D:2      | 1149 ||| Stepping ~*~*~tactically~*~*~ (stealth).
  1191 | D:2      | 1191 ||| Stepping ~*~*~tactically~*~*~ (stealth).
  1566 | D:2      | 1566 ||| UPGRADING to +0 helmet.
  1571 | D:2      | 1571 ||| UPGRADING to +1 cloak.
  1576 | D:2      | 1576 ||| UPGRADING to +2 pair of gloves of stealth.
  1581 | D:2      | 1581 ||| DROPPING ring of flight.
  1582 | D:2      | 1582 ||| READING scroll labelled UFE LU IPEJUGI.
  1583 | D:2      | 1583 ||| READING scroll labelled QOGGYCENUE.
  1584 | D:2      | 1584 ||| READING scroll labelled USIUKIH HARRUU.
  1585 | D:2      | 1585 ||| DRINKING 2 bubbling amethyst potions.
  1585 | D:2      | Gained mutation: You are clumsy. (Dex -2) [potion of
                  | mutation]
  1585 | D:2      | Gained mutation: You occasionally lose the ability to read
                  | scrolls when taking damage. [potion of mutation]
  1586 | D:2      | 1586 ||| DRINKING potion of mutation.
  1586 | D:2      | Lost mutation: You occasionally lose the ability to read
                  | scrolls when taking damage. [potion of mutation]
  1586 | D:2      | Lost mutation: You are clumsy. (Dex -2) [potion of
                  | mutation]
  1586 | D:2      | Gained mutation: You are partially covered in iridescent
                  | scales. (AC +2) [potion of mutation]
  1586 | D:2      | Gained mutation: You are somewhat resistant to further
                  | mutation. [potion of mutation]
  1587 | D:2      | 1587 ||| DRINKING 2 cyan potions.
  1588 | D:2      | 1588 ||| READING 2 scrolls of identify.
  1588 | D:2      | 1588 ||| IDENTIFYING coppery potion
  1589 | D:2      | 1589 ||| DROPPING potion of magic.
  1623 | D:3      | Noticed Ijyb
  1633 | D:3      | Killed Ijyb
  1640 | D:3      | Reached XP level 5. HP: 30/32 MP: 5/5
  1646 | D:3      | 1646 ||| Stepping ~*~*~tactically~*~*~ (stealth).
  1647 | D:3      | 1647 ||| Stepping ~*~*~tactically~*~*~ (stealth).
  1680 | D:3      | Found a burning altar of Makhleb.
  1759 | D:3      | 1759 ||| Stepping ~*~*~tactically~*~*~ (stealth).
  1804 | D:3      | 1804 ||| Stepping ~*~*~tactically~*~*~ (stealth).
  1805 | D:3      | 1805 ||| Stepping ~*~*~tactically~*~*~ (stealth).
  1833 | D:3      | Found a white marble altar of Elyvilon.
  1837 | D:3      | 1837 ||| Stepping ~*~*~tactically~*~*~ (stealth).
  1839 | D:3      | 1839 ||| Stepping ~*~*~tactically~*~*~ (stealth).
  1842 | D:3      | 1842 ||| Stepping ~*~*~tactically~*~*~ (hiding).
  1853 | D:3      | 1853 ||| DRINKING potion of curing.
  1853 | D:3      | 1853 ||| (to cure confusion)
  1867 | D:3      | Reached skill level 5 in Axes
  2010 | D:3      | 2010 ||| Stepping ~*~*~tactically~*~*~ (hiding).
  2119 | D:3      | Noticed Grinder
  2128 | D:3      | Paralysed by Grinder for 5 turns
  2135 | D:3      | Killed Grinder
  2136 | D:3      | Reached skill level 3 in Dodging
  2136 | D:3      | Reached XP level 6. HP: 32/37 MP: 6/6
  2211 | D:3      | Found a bloodstained altar of Trog.
  2352 | D:3      | 2352 ||| Stepping ~*~*~tactically~*~*~ (stealth).
  2353 | D:3      | 2353 ||| Stepping ~*~*~tactically~*~*~ (stealth).
  2358 | D:3      | 2358 ||| Stepping ~*~*~tactically~*~*~ (stealth).
  2359 | D:3      | 2359 ||| Stepping ~*~*~tactically~*~*~ (stealth).
  2388 | D:3      | Reached XP level 7. HP: 40/43 MP: 7/7
  2487 | D:3      | 2487 ||| READING scroll labelled ODEBBY ONNEONI.
  2488 | D:3      | 2488 ||| DRINKING 3 glowing orange potions.
  2489 | D:3      | 2489 ||| READING 4 scrolls of identify.
  2489 | D:3      | 2489 ||| IDENTIFYING blue potion
  2490 | D:3      | 2490 ||| READING 3 scrolls of identify.
  2490 | D:3      | 2490 ||| IDENTIFYING bubbling sapphire potion
  2491 | D:3      | 2491 ||| READING 2 scrolls of identify.
  2491 | D:3      | 2491 ||| IDENTIFYING emerald potion
  2492 | D:3      | 2492 ||| DROPPING potion of flight.
  2493 | D:3      | 2493 ||| DROPPING potion of brilliance.
  2716 | D:4      | 2716 ||| Stepping ~*~*~tactically~*~*~ (stealth).
  2750 | D:4      | Noticed Edmund
  2769 | D:4      | Killed Edmund
  2770 | D:4      | Reached skill level 6 in Axes
  2823 | D:4      | 2823 ||| DROPPING +0 mace.
  2830 | D:4      | Found a shimmering altar of Xom.
  2938 | D:4      | Found an opulent altar of Gozag.
  2948 | D:4      | 2948 ||| READING scroll labelled WETUAPOODA.
  3049 | D:4      | 3049 ||| READING 2 scrolls labelled LISABU XAOSMI.
  3053 | D:4      | 3053 ||| DRINKING 2 pink potions.
  3078 | D:4      | 3078 ||| READING 2 scrolls of identify.
  3078 | D:4      | 3078 ||| IDENTIFYING ruby potion
  3079 | D:4      | 3079 ||| DROPPING potion of ambrosia.
  3090 | D:5      | Entered Level 5 of the Dungeon
  3090 | D:5      | Noticed Menkaure
  3091 | D:5      | 3091 ||| PLANNING SEWER
  3097 | D:5      | Killed Menkaure
  3124 | D:5      | 3124 ||| FLEEEEING.
  3125 | D:5      | 3125 ||| FLEEEEING.
  3126 | D:5      | 3126 ||| STAIRDANCE
  3170 | D:5      | 3170 ||| FLEEEEING.
  3171 | D:5      | 3171 ||| FLEEEEING.
  3172 | D:5      | 3172 ||| FLEEEEING.
  3173 | D:5      | 3173 ||| FLEEEEING.
  3174 | D:5      | 3174 ||| STAIRDANCE
  3201 | D:5      | Reached skill level 7 in Axes
  3201 | D:5      | Reached XP level 8. HP: 48/48 MP: 8/8
  3207 | D:5      | Noticed Prince Ribbit
  3211 | D:5      | 3211 ||| Stepping ~*~*~tactically~*~*~ (stealth).
  3246 | D:5      | Killed Prince Ribbit
  3426 | D:5      | Found a blossoming altar of Fedhas.
  3556 | D:5      | 3556 ||| Stepping ~*~*~tactically~*~*~ (stealth).
  3604 | D:5      | Found a glowing drain.
  3605 | D:5      | 3605 ||| UPGRADING to +5 ring of evasion.
  3607 | D:5      | 3607 ||| UPGRADING to ring of see invisible.
  3609 | D:5      | 3609 ||| READING 2 scrolls of identify.
  3609 | D:5      | 3609 ||| IDENTIFYING fizzy grey potion
  3610 | D:5      | 3610 ||| DROPPING potion of invisibility.
  3620 | Sewer    | Entered a sewer
  3628 | Sewer    | Noticed Pargi
  3631 | Sewer    | Killed Pargi
  3744 | Sewer    | 3744 ||| DRINKING 3 clear potions.
  3745 | Sewer    | 3745 ||| DRINKING 2 glowing emerald potions.
  3761 | D:5      | 3761 ||| PLANNING D:1-11
  3787 | D:5      | 3787 ||| Stepping ~*~*~tactically~*~*~ (stealth).
  3789 | D:5      | 3789 ||| Stepping ~*~*~tactically~*~*~ (stealth).
  3797 | D:5      | Reached skill level 8 in Axes
  3811 | D:5      | Reached skill level 6 in Fighting
  4035 | D:5      | 4035 ||| Stepping ~*~*~tactically~*~*~ (stealth).
  4062 | D:5      | Found a staircase to the Ecumenical Temple.
  4063 | D:5      | 4063 ||| PLANNING TEMPLE
  4063 | D:5      | 4063 ||| READING scroll labelled PAIZEI BIECH.
  4073 | Temple   | Entered the Ecumenical Temple
  4106 | Temple   | 4106 ||| PLANNING OKAWARU WORSHIP
  4118 | Temple   | Became a worshipper of Warmaster Okawaru
  4118 | Temple   | 4118 ||| PLANNING D:1-11
  4362 | D:6      | Reached XP level 9. HP: 53/55 MP: 9/9
  4645 | D:6      | Reached skill level 9 in Axes
  4727 | D:6      | Found a shadowy altar of Dithmenos.
  4729 | D:6      | 4729 ||| Stepping ~*~*~tactically~*~*~ (hiding).
  4910 | D:6      | 4910 ||| Stepping ~*~*~tactically~*~*~ (stealth).
  4911 | D:6      | 4911 ||| Stepping ~*~*~tactically~*~*~ (stealth).
  4931 | D:6      | 4931 ||| UPGRADING to +0 plate armour.
  4941 | D:6      | 4941 ||| DROPPING +0 scale mail.
  4942 | D:6      | 4942 ||| READING 2 scrolls of identify.
  4942 | D:6      | 4942 ||| IDENTIFYING metallic pink potion
  4943 | D:6      | 4943 ||| DROPPING potion of degeneration.
  5035 | D:7      | Noticed a cyclops
  5037 | D:7      | 5037 ||| FLEEEEING.
  5038 | D:7      | 5038 ||| FLEEEEING.
  5041 | D:7      | 5041 ||| FLEEEEING.
  5046 | D:7      | 5046 ||| STAIRDANCE
  5079 | D:7      | 5079 ||| Stepping ~*~*~tactically~*~*~ (stealth).
  5093 | D:7      | Reached * piety under Okawaru
  5117 | D:7      | 5117 ||| READING scroll of enchant weapon.
  5117 | D:7      | 5117 ||| ENCHANTING +2 war axe.
  5180 | D:7      | 5180 ||| INVOKING Heroism.
  5181 | D:7      | 5181 ||| Stepping ~*~*~tactically~*~*~ (stealth).
  5214 | D:7      | 5214 ||| Stepping ~*~*~tactically~*~*~ (hiding).
  5348 | D:7      | 5348 ||| Stepping ~*~*~tactically~*~*~ (hiding).
  5349 | D:7      | 5349 ||| Stepping ~*~*~tactically~*~*~ (hiding).
  5483 | D:7      | 5483 ||| INVOKING Heroism.
  5491 | D:7      | Killed a cyclops
  5614 | D:7      | 5614 ||| INVOKING Heroism.
  5952 | D:7      | Reached skill level 1 in Invocations
  5964 | D:7      | 5964 ||| Stepping ~*~*~tactically~*~*~ (stealth).
  5975 | D:7      | 5975 ||| Stepping ~*~*~tactically~*~*~ (stealth).
  5977 | D:7      | 5977 ||| Stepping ~*~*~tactically~*~*~ (stealth).
  5988 | D:7      | 5988 ||| INVOKING Heroism.
  6006 | D:7      | 6006 ||| Stepping ~*~*~tactically~*~*~ (stealth).
  6007 | D:7      | 6007 ||| INVOKING Heroism.
  6166 | D:7      | 6166 ||| UPGRADING to +0 kite shield.
  6176 | D:7      | 6176 ||| DROPPING +0 buckler.
  6197 | D:8      | Noticed Joseph
  6198 | D:8      | 6198 ||| INVOKING Heroism.
  6201 | D:8      | Reached XP level 10. HP: 58/61 MP: 8/11
  6217 | D:8      | Killed Joseph
  6218 | D:8      | Reached skill level 3 in Invocations
  6260 | D:8      | Noticed Psyche
  6261 | D:8      | 6261 ||| Stepping ~*~*~tactically~*~*~ (stealth).
  6263 | D:8      | 6263 ||| INVOKING Heroism.
  6263 | D:8      | Noticed Maggie
  6273 | D:8      | Killed Psyche
  6278 | D:8      | Killed Maggie
  6279 | D:8      | Reached skill level 6 in Shields
  6293 | D:8      | 6293 ||| SWAPPING to +1 broad axe of flaming.
  6294 | D:8      | 6294 ||| DROPPING +3 flail of protection.
  6295 | D:8      | 6295 ||| DROPPING +3 war axe.
  6337 | D:8      | 6337 ||| Stepping ~*~*~tactically~*~*~ (hiding).
  6339 | D:8      | 6339 ||| Stepping ~*~*~tactically~*~*~ (hiding).
  6340 | D:8      | 6340 ||| Stepping ~*~*~tactically~*~*~ (hiding).
  6341 | D:8      | 6341 ||| Stepping ~*~*~tactically~*~*~ (hiding).
  6418 | D:8      | Reached ** piety under Okawaru
  6419 | D:8      | 6419 ||| Stepping ~*~*~tactically~*~*~ (stealth).
  6420 | D:8      | 6420 ||| Stepping ~*~*~tactically~*~*~ (stealth).
  6421 | D:8      | 6421 ||| Stepping ~*~*~tactically~*~*~ (stealth).
  6434 | D:8      | 6434 ||| INVOKING Heroism.
  6445 | D:8      | Noticed Erica
  6450 | D:8      | 6450 ||| INVOKING Heroism.
  6458 | D:8      | Killed Erica
  6461 | D:8      | 6461 ||| FLEEEEING.
  6600 | D:8      | Noticed Gastronok
  6601 | D:8      | 6601 ||| Stepping ~*~*~tactically~*~*~ (hiding).
  6606 | D:8      | 6606 ||| INVOKING Heroism.
  6620 | D:8      | Killed Gastronok
  6620 | D:8      | Reached *** piety under Okawaru
  6621 | D:8      | Reached XP level 11. HP: 59/69 MP: 14/14
  6629 | D:8      | 6629 ||| Stepping ~*~*~tactically~*~*~ (stealth).
  6669 | D:8      | Noticed a catoblepas
  6670 | D:8      | 6670 ||| INVOKING Heroism.
  6679 | D:8      | Killed a catoblepas
  6680 | D:8      | Reached skill level 9 in Shields
  6921 | D:8      | Noticed a boulder beetle
  6922 | D:8      | 6922 ||| INVOKING Heroism.
  6934 | D:8      | Killed a boulder beetle
  7174 | D:8      | 7174 ||| DROPPING amulet of guardian spirit.
  7230 | D:9      | 7230 ||| INVOKING Heroism.
  7244 | D:9      | Noticed a two-headed ogre
  7256 | D:9      | 7256 ||| INVOKING Heroism.
  7259 | D:9      | Killed a two-headed ogre
  7260 | D:9      | Reached skill level 10 in Axes
  7334 | D:9      | 7334 ||| Stepping ~*~*~tactically~*~*~ (hiding).
  7344 | D:9      | 7344 ||| Stepping ~*~*~tactically~*~*~ (stealth).
  7373 | D:9      | Reached **** piety under Okawaru
  7375 | D:9      | 7375 ||| INVOKING Heroism.
  7636 | D:9      | Noticed Harold
  7637 | D:9      | 7637 ||| INVOKING Heroism.
  7642 | D:9      | Killed Harold
  7761 | D:9      | 7761 ||| Stepping ~*~*~tactically~*~*~ (hiding).
  7770 | D:9      | 7770 ||| INVOKING Heroism.
  7913 | D:9      | 7913 ||| INVOKING Heroism.
  7919 | D:9      | Reached skill level 11 in Axes
  8033 | D:9      | 8033 ||| Stepping ~*~*~tactically~*~*~ (hiding).
  8137 | D:9      | 8137 ||| READING scroll labelled MOYXO LALUTU.
  8151 | D:10     | Entered Level 10 of the Dungeon
  8152 | D:10     | 8152 ||| INVOKING Heroism.
  8179 | D:10     | 8179 ||| Stepping ~*~*~tactically~*~*~ (hiding).
  8181 | D:10     | 8181 ||| Stepping ~*~*~tactically~*~*~ (hiding).
  8240 | D:10     | 8240 ||| Stepping ~*~*~tactically~*~*~ (hiding).
  8246 | D:10     | 8246 ||| INVOKING Heroism.
  8252 | D:10     | 8252 ||| Stepping ~*~*~tactically~*~*~ (hiding).
  8322 | D:10     | Reached skill level 1 in Throwing
  8330 | D:10     | 8330 ||| READING scroll of enchant weapon.
  8330 | D:10     | 8330 ||| ENCHANTING +1 broad axe of flaming.
  8588 | D:10     | Identified the +1 leather armour "Vaduubuah" {rN++ MP-9
                  | Str+5}
  8696 | D:10     | Found a staircase to the Lair.
  8745 | D:10     | Reached skill level 6 in Invocations
  8885 | D:10     | Found a glowing golden altar of the Shining One.
  8886 | D:10     | Found a glowing silver altar of Zin.
  8892 | D:10     | 8892 ||| PLANNING LAIR
  8892 | D:10     | 8892 ||| UPGRADING to +0 pair of boots.
  8897 | D:10     | 8897 ||| READING scroll labelled LATTUE JEJURIZO.
  8898 | D:10     | 8898 ||| READING 2 scrolls of identify.
  8898 | D:10     | 8898 ||| IDENTIFYING viscous golden potion
  8899 | D:10     | 8899 ||| DROPPING potion of berserk rage.
  8956 | Lair:1   | Entered Level 1 of the Lair of Beasts
  9039 | Lair:1   | 9039 ||| INVOKING Heroism.
  9100 | Lair:1   | Found a dark tunnel.
  9247 | Lair:1   | Reached skill level 3 in Throwing
  9247 | Lair:1   | Reached XP level 12. HP: 62/75 MP: 16/16
  9421 | Lair:1   | Noticed a five-headed hydra
  9422 | Lair:1   | 9422 ||| Stepping ~*~*~tactically~*~*~ (stealth).
  9423 | Lair:1   | 9423 ||| Stepping ~*~*~tactically~*~*~ (stealth).
  9424 | Lair:1   | 9424 ||| INVOKING Heroism.
  9428 | Lair:1   | Killed a two-headed hydra
  9428 | Lair:1   | Received a gift from Okawaru
  9581 | Lair:1   | 9581 ||| DROPPING +6 ring of dexterity.
  9605 | Lair:2   | Received a gift from Okawaru
  9608 | Lair:2   | 9608 ||| STAIRDANCE
  9698 | Lair:2   | 9698 ||| INVOKING Heroism.
  9724 | Lair:2   | 9724 ||| INVOKING Heroism.
  9857 | Lair:2   | Found a staircase to the Shoals.
  9911 | Lair:2   | 9911 ||| INVOKING Heroism.
  9914 | Lair:2   | 9914 ||| Stepping ~*~*~tactically~*~*~ (stealth).
  9930 | Lair:2   | 9930 ||| Stepping ~*~*~tactically~*~*~ (stealth).
  9941 | Lair:2   | Received a gift from Okawaru
 10105 | Lair:2   | Reached skill level 9 in Fighting
 10138 | Lair:2   | 10138 ||| INVOKING Heroism.
 10208 | Lair:2   | 10208 ||| Stepping ~*~*~tactically~*~*~ (hiding).
 10220 | Lair:2   | Found a staircase to the Snake Pit.
 10447 | Lair:3   | 10447 ||| INVOKING Heroism.
 10457 | Lair:3   | Received a gift from Okawaru
 10535 | Lair:3   | Identified the +3 dagger of the Unseen Realm {flame, Dex+5}
 10571 | Lair:3   | Reached skill level 9 in Invocations
 10641 | Lair:3   | Noticed a skyshark
 10651 | Lair:3   | Killed a skyshark
 10766 | Lair:3   | Reached skill level 9 in Armour
 10789 | Lair:3   | 10789 ||| INVOKING Heroism.
 10796 | Lair:3   | Received a gift from Okawaru
 11429 | Lair:3   | 11429 ||| DROPPING ring of willpower.
 11430 | Lair:3   | 11430 ||| READING scroll labelled SOELEE FITSARU.
 11484 | Lair:4   | Found a runed translucent door.
 11484 | Lair:4   | Found a staircase to the Slime Pits.
 11485 | Lair:4   | 11485 ||| INVOKING Heroism.
 11491 | Lair:4   | Received a gift from Okawaru
 11570 | Lair:4   | 11570 ||| INVOKING Heroism.
 11576 | Lair:4   | Reached XP level 13. HP: 80/80 MP: 18/20
 11815 | Lair:4   | 11815 ||| INVOKING Heroism.
 11833 | Lair:4   | 11833 ||| DRINKING 2 potions of cancellation.
 11838 | Lair:4   | Reached skill level 12 in Axes
 11992 | Lair:4   | 11992 ||| INVOKING Heroism.
 12012 | Lair:4   | 12012 ||| INVOKING Heroism.
 12204 | Lair:4   | Noticed Kirke
 12205 | Lair:4   | 12205 ||| INVOKING Heroism.
 12217 | Lair:4   | Killed Kirke
 12257 | Lair:4   | 12257 ||| INVOKING Heroism.
 12353 | Lair:4   | 12353 ||| Stepping ~*~*~tactically~*~*~ (stealth).
 12354 | Lair:4   | 12354 ||| INVOKING Heroism.
 12656 | Lair:4   | 12656 ||| DROPPING amulet of magic regeneration.
 12657 | Lair:4   | 12657 ||| UPGRADING to amulet of reflection.
 12662 | Lair:4   | 12662 ||| READING scroll labelled MOUBREOG RUDA.
 12676 | Lair:5   | Entered Level 5 of the Lair of Beasts
 12809 | Lair:5   | 12809 ||| Stepping ~*~*~tactically~*~*~ (stealth).
 12810 | Lair:5   | 12810 ||| Stepping ~*~*~tactically~*~*~ (stealth).
 12812 | Lair:5   | 12812 ||| Stepping ~*~*~tactically~*~*~ (stealth).
 12821 | Lair:5   | 12821 ||| Stepping ~*~*~tactically~*~*~ (stealth).
 12823 | Lair:5   | 12823 ||| Stepping ~*~*~tactically~*~*~ (stealth).
 12856 | Lair:5   | 12856 ||| Stepping ~*~*~tactically~*~*~ (stealth).
 12858 | Lair:5   | 12858 ||| INVOKING Heroism.
 12862 | Lair:5   | 12862 ||| SWAPPING to +0 mace.
 12870 | Lair:5   | 12870 ||| SWAPPING to +2 broad axe of protection.
 13034 | Lair:5   | 13034 ||| INVOKING Heroism.
 13067 | Lair:5   | 13067 ||| SWAPPING to +0 mace.
 13072 | Lair:5   | 13072 ||| INVOKING Heroism.
 13083 | Lair:5   | Received a gift from Okawaru
 13084 | Lair:5   | 13084 ||| SWAPPING to +2 broad axe of protection.
 13173 | Lair:5   | 13173 ||| READING scroll of enchant weapon.
 13173 | Lair:5   | 13173 ||| ENCHANTING +2 broad axe of protection.
 13206 | Lair:5   | 13206 ||| INVOKING Heroism.
 13225 | Lair:5   | Reached skill level 13 in Axes
 13256 | Lair:5   | 13256 ||| Stepping ~*~*~tactically~*~*~ (hiding).
 13257 | Lair:5   | 13257 ||| Stepping ~*~*~tactically~*~*~ (hiding).
 13259 | Lair:5   | 13259 ||| INVOKING Heroism.
 13292 | Lair:5   | 13292 ||| Stepping ~*~*~tactically~*~*~ (hiding).
 13319 | Lair:5   | Gained mutation: Your large and strong wings let you fly.
                  | [Gargoyle growth]
 13319 | Lair:5   | Reached XP level 14. HP: 71/88 MP: 21/21
 13425 | Lair:5   | 13425 ||| INVOKING Heroism.
 13440 | Lair:5   | Reached ***** piety under Okawaru
 13489 | Lair:5   | 13489 ||| INVOKING Heroism.
 13503 | Lair:5   | Received a gift from Okawaru
 13655 | Lair:5   | 13655 ||| INVOKING Heroism.
 13658 | Lair:5   | Found the +8 arc blade {discharge, rElec}
 13663 | Lair:5   | Reached skill level 14 in Axes
 13833 | Lair:5   | 13833 ||| INVOKING Heroism.
 13838 | Lair:5   | 13838 ||| SWAPPING to +0 mace.
 13852 | Lair:5   | 13852 ||| SWAPPING to +3 broad axe of protection.
 14363 | Lair:5   | 14363 ||| PLANNING D:1-11
 14602 | D:11     | Received a gift from Okawaru
 14696 | D:11     | 14696 ||| INVOKING Heroism.
 14741 | D:11     | 14741 ||| FLEEEEING.
 14742 | D:11     | 14742 ||| FLEEEEING.
 14743 | D:11     | 14743 ||| FLEEEEING.
 14744 | D:11     | 14744 ||| FLEEEEING.
 14749 | D:11     | 14749 ||| FLEEEEING.
 14750 | D:11     | 14750 ||| FLEEEEING.
 14751 | D:11     | 14751 ||| FLEEEEING.
 14752 | D:11     | 14752 ||| FLEEEEING.
 14753 | D:11     | 14753 ||| FLEEEEING.
 14761 | D:11     | 14761 ||| Stepping ~*~*~tactically~*~*~ (stealth).
 14807 | D:11     | 14807 ||| DROPPING +0 mace.
 14825 | D:11     | 14825 ||| INVOKING Heroism.
 15119 | D:11     | 15119 ||| Stepping ~*~*~tactically~*~*~ (stealth).
 15120 | D:11     | 15120 ||| Stepping ~*~*~tactically~*~*~ (stealth).
 15131 | D:11     | 15131 ||| FLEEEEING.
 15132 | D:11     | 15132 ||| FLEEEEING.
 15133 | D:11     | 15133 ||| FLEEEEING.
 15134 | D:11     | 15134 ||| FLEEEEING.
 15135 | D:11     | 15135 ||| FLEEEEING.
 15136 | D:11     | 15136 ||| FLEEEEING.
 15137 | D:11     | 15137 ||| FLEEEEING.
 15138 | D:11     | 15138 ||| FLEEEEING.
 15139 | D:11     | 15139 ||| FLEEEEING.
 15140 | D:11     | 15140 ||| FLEEEEING.
 15279 | D:11     | Identified the +7 hand axe "Kaokoh" {flame, Will+ Dex+3}
 15281 | D:11     | 15281 ||| DROPPING +0 morningstar.
 15637 | D:11     | Found a staircase to the Orcish Mines.
 15638 | D:11     | 15638 ||| Stepping ~*~*~tactically~*~*~ (stealth).
 15683 | D:11     | 15683 ||| PLANNING D
 15683 | D:11     | 15683 ||| UPGRADING to amulet of faith.
 15863 | D:12     | 15863 ||| INVOKING Heroism.
 16086 | D:12     | 16086 ||| Stepping ~*~*~tactically~*~*~ (stealth).
 16087 | D:12     | 16087 ||| Stepping ~*~*~tactically~*~*~ (stealth).
 16088 | D:12     | 16088 ||| Stepping ~*~*~tactically~*~*~ (stealth).
 16128 | D:12     | 16128 ||| INVOKING Heroism.
 16154 | D:12     | 16154 ||| Stepping ~*~*~tactically~*~*~ (hiding).
 16257 | D:12     | Received a gift from Okawaru
 16269 | D:12     | Reached skill level 12 in Shields
 16315 | D:12     | Identified the +5 spear "Diezulumn" {flame, rC- Will++
                  | Int+3}
 16831 | D:13     | Received a gift from Okawaru
 16835 | D:13     | 16835 ||| INVOKING Heroism.
 16836 | D:13     | 16836 ||| INVOKING Finesse.
 16965 | D:13     | Received a gift from Okawaru
 16980 | D:13     | Found a frozen archway.
 17028 | D:13     | Found a gate to the Vaults.
 17079 | D:13     | 17079 ||| INVOKING Heroism.
 17085 | D:13     | 17085 ||| INVOKING Finesse.
 17150 | D:13     | Received a gift from Okawaru
 17222 | D:13     | Noticed Maurice
 17227 | D:13     | Paralysed by Maurice for 3 turns
 17232 | D:13     | 17232 ||| INVOKING Heroism.
 17236 | D:13     | 17236 ||| INVOKING Finesse.
 17238 | D:13     | Reached skill level 15 in Axes
 17241 | D:13     | Killed Maurice
 17247 | D:13     | Reached XP level 15. HP: 51/95 MP: 15/22
 17251 | D:13     | Noticed an orc warlord
 17256 | D:13     | Received a gift from Okawaru
 17269 | D:13     | Killed an orc warlord
 17270 | D:13     | Reached skill level 12 in Fighting
 17273 | D:13     | HP: 22/96 [mirror damage (6)]
 17274 | D:13     | 17274 ||| READING 9 scrolls of teleportation.
 17275 | D:13     | 17275 ||| DRINKING 4 potions of heal wounds.
 17281 | D:13     | 17281 ||| STAIRDANCE
 17448 | D:12     | 17448 ||| UPGRADING to +0 kite shield of cold resistance.
 17458 | D:12     | 17458 ||| DROPPING +0 kite shield.
 17493 | D:13     | 17493 ||| Stepping ~*~*~tactically~*~*~ (hiding).
 17494 | D:13     | 17494 ||| Stepping ~*~*~tactically~*~*~ (hiding).
 17564 | D:13     | 17564 ||| Stepping ~*~*~tactically~*~*~ (stealth).
 17572 | D:13     | 17572 ||| INVOKING Heroism.
 17587 | D:13     | 17587 ||| Stepping ~*~*~tactically~*~*~ (stealth).
 17596 | D:13     | 17596 ||| Stepping ~*~*~tactically~*~*~ (hiding).
 17597 | D:13     | Received a gift from Okawaru
 17598 | D:13     | 17598 ||| Stepping ~*~*~tactically~*~*~ (hiding).
 17599 | D:13     | 17599 ||| Stepping ~*~*~tactically~*~*~ (hiding).
 17667 | D:13     | 17667 ||| FLEEEEING.
 17717 | D:13     | 17717 ||| Stepping ~*~*~tactically~*~*~ (stealth).
 17744 | D:13     | 17744 ||| DROPPING +1 broad axe of freezing.
 17837 | D:13     | 17837 ||| Stepping ~*~*~tactically~*~*~ (stealth).
 17913 | D:13     | Found a broken altar of Ashenzari.
 18012 | D:13     | 18012 ||| DROPPING +1 cloak of stealth.
 18013 | D:13     | 18013 ||| READING scroll labelled YBEQEV FAYW.
 18060 | D:14     | 18060 ||| INVOKING Heroism.
 18105 | D:14     | 18105 ||| Stepping ~*~*~tactically~*~*~ (stealth).
 18143 | D:14     | 18143 ||| Stepping ~*~*~tactically~*~*~ (stealth).
 18205 | D:14     | 18205 ||| INVOKING Heroism.
 18413 | D:14     | 18413 ||| Stepping ~*~*~tactically~*~*~ (hiding).
 18414 | D:14     | 18414 ||| Stepping ~*~*~tactically~*~*~ (hiding).
 18415 | D:14     | 18415 ||| Stepping ~*~*~tactically~*~*~ (hiding).
 18426 | D:14     | 18426 ||| INVOKING Heroism.
 18545 | D:14     | Noticed Snorg
 18559 | D:14     | 18559 ||| INVOKING Heroism.
 18565 | D:14     | Killed Snorg
 18578 | D:14     | Reached skill level 6 in Throwing
 18619 | D:14     | 18619 ||| FLEEEEING.
 18628 | D:14     | 18628 ||| STAIRDANCE
 18796 | D:14     | 18796 ||| INVOKING Heroism.
 18808 | D:14     | HP: 23/96 [freezing wraith[a death knight] (7)]
 18809 | D:14     | 18809 ||| READING 10 scrolls of teleportation.
 18810 | D:14     | 18810 ||| DRINKING 3 potions of heal wounds.
 18811 | D:14     | 18811 ||| Stepping ~*~*~tactically~*~*~ (hiding).
 18812 | D:14     | 18812 ||| Stepping ~*~*~tactically~*~*~ (hiding).
 18816 | D:14     | HP: 23/96 [efreet/fireball (18)]
 18817 | D:14     | 18817 ||| READING 9 scrolls of teleportation.
 18818 | D:14     | 18818 ||| DRINKING 2 potions of heal wounds.
 18997 | D:14     | 18997 ||| INVOKING Heroism.
 19015 | D:14     | Received a gift from Okawaru
 19018 | D:14     | HP: 20/96 [skeletal warrior/+0 glaive[a death knight] (10)]
 19019 | D:14     | 19019 ||| READING 8 scrolls of teleportation.
 19020 | D:14     | 19020 ||| DRINKING potion of heal wounds.
 19026 | D:14     | HP: 14/96 [efreet/fireball (20)]
 19027 | D:14     | 19027 ||| READING 7 scrolls of teleportation.
 19041 | D:14     | 19041 ||| READING 6 scrolls of teleportation.
 19042 | D:14     | 19042 ||| INVOKING Heroism.
 19185 | D:14     | 19185 ||| Stepping ~*~*~tactically~*~*~ (stealth).
 19186 | D:14     | 19186 ||| Stepping ~*~*~tactically~*~*~ (stealth).
 19223 | D:14     | 19223 ||| Stepping ~*~*~tactically~*~*~ (stealth).
 19317 | D:14     | 19317 ||| Stepping ~*~*~tactically~*~*~ (hiding).
 19330 | D:14     | 19330 ||| INVOKING Heroism.
 19348 | D:14     | Reached skill level 16 in Axes
 19474 | D:14     | 19474 ||| FLEEEEING.
 19476 | D:14     | 19476 ||| FLEEEEING.
 19479 | D:14     | 19479 ||| FLEEEEING.
 19481 | D:14     | 19481 ||| FLEEEEING.
 19482 | D:14     | 19482 ||| FLEEEEING.
 19483 | D:14     | 19483 ||| FLEEEEING.
 19485 | D:14     | 19485 ||| FLEEEEING.
 19486 | D:14     | 19486 ||| FLEEEEING.
 19487 | D:14     | 19487 ||| FLEEEEING.
 19488 | D:14     | 19488 ||| FLEEEEING.
 19572 | D:14     | Found the +4 skin of Zhor {*Englaciate rC+++ SInv}
 19605 | D:15     | Entered Level 15 of the Dungeon
 19606 | D:15     | 19606 ||| INVOKING Heroism.
 19624 | D:15     | Reached skill level 12 in Armour
 19634 | D:15     | Received a gift from Okawaru
 19747 | D:15     | 19747 ||| Stepping ~*~*~tactically~*~*~ (stealth).
 19749 | D:15     | 19749 ||| Stepping ~*~*~tactically~*~*~ (stealth).
 19751 | D:15     | 19751 ||| Stepping ~*~*~tactically~*~*~ (stealth).
 19753 | D:15     | 19753 ||| READING 5 scrolls of teleportation.
 19754 | D:15     | 19754 ||| INVOKING Heroism.
 19775 | D:15     | 19775 ||| Stepping ~*~*~tactically~*~*~ (stealth).
 19790 | D:15     | 19790 ||| Stepping ~*~*~tactically~*~*~ (stealth).
 19792 | D:15     | 19792 ||| Stepping ~*~*~tactically~*~*~ (hiding).
 19797 | D:15     | 19797 ||| INVOKING Heroism.
 19807 | D:15     | Received a gift from Okawaru
 19856 | D:15     | 19856 ||| INVOKING Heroism.
 19899 | D:15     | 19899 ||| Stepping ~*~*~tactically~*~*~ (stealth).
 19992 | D:15     | 19992 ||| FLEEEEING.
 20005 | D:15     | 20005 ||| INVOKING Heroism.
 20163 | D:15     | 20163 ||| Stepping ~*~*~tactically~*~*~ (stealth).
 20165 | D:15     | 20165 ||| Stepping ~*~*~tactically~*~*~ (stealth).
 20181 | D:15     | 20181 ||| INVOKING Heroism.
 20182 | D:15     | 20182 ||| READING 4 scrolls of teleportation.
 20190 | D:15     | 20190 ||| READING 3 scrolls of teleportation.
 20198 | D:15     | 20198 ||| SWAPPING to +7 hand axe "Kaokoh" {flame, Will+
                  | Dex+3}.
 20203 | D:15     | 20203 ||| SWAPPING to +3 broad axe of protection.
 20351 | D:15     | 20351 ||| Stepping ~*~*~tactically~*~*~ (stealth).
 20369 | D:15     | 20369 ||| INVOKING Heroism.
 20496 | D:15     | 20496 ||| Stepping ~*~*~tactically~*~*~ (stealth).
 20500 | D:15     | 20500 ||| Stepping ~*~*~tactically~*~*~ (stealth).
 20501 | D:15     | 20501 ||| Stepping ~*~*~tactically~*~*~ (stealth).
 20503 | D:15     | 20503 ||| Stepping ~*~*~tactically~*~*~ (stealth).
 20506 | D:15     | 20506 ||| Stepping ~*~*~tactically~*~*~ (stealth).
 20507 | D:15     | 20507 ||| Stepping ~*~*~tactically~*~*~ (stealth).
 20517 | D:15     | 20517 ||| INVOKING Heroism.
 20518 | D:15     | 20518 ||| READING 2 scrolls of teleportation.
 20572 | D:15     | 20572 ||| INVOKING Heroism.
 20708 | D:15     | Received a gift from Okawaru
 20709 | D:15     | Reached XP level 16. HP: 99/101 MP: 23/23
 20718 | D:15     | 20718 ||| INVOKING Heroism.
 20719 | D:15     | Found a staircase to the Depths.
 20855 | D:15     | 20855 ||| INVOKING Heroism.
 20861 | D:15     | Received a gift from Okawaru
 21036 | D:15     | Found a burning altar of Makhleb.
 21042 | D:15     | 21042 ||| Stepping ~*~*~tactically~*~*~ (hiding).
 21043 | D:15     | 21043 ||| Stepping ~*~*~tactically~*~*~ (hiding).
 21080 | D:15     | 21080 ||| INVOKING Heroism.
 21085 | D:15     | 21085 ||| SWAPPING to +7 hand axe "Kaokoh" {flame, Will+
                  | Dex+3}.
 21089 | D:15     | 21089 ||| SWAPPING to +3 broad axe of protection.
 21106 | D:15     | 21106 ||| READING scroll of enchant weapon.
 21106 | D:15     | 21106 ||| ENCHANTING +3 broad axe of protection.
 21327 | D:15     | 21327 ||| PLANNING ORC
 21424 | Orc:1    | Entered Level 1 of the Orcish Mines
 21427 | Orc:1    | 21427 ||| Stepping ~*~*~tactically~*~*~ (hiding).
 21433 | Orc:1    | 21433 ||| INVOKING Heroism.
 21450 | Orc:1    | 21450 ||| Stepping ~*~*~tactically~*~*~ (hiding).
 21452 | Orc:1    | 21452 ||| Stepping ~*~*~tactically~*~*~ (hiding).
 21464 | Orc:1    | 21464 ||| Stepping ~*~*~tactically~*~*~ (hiding).
 21474 | Orc:1    | 21474 ||| Stepping ~*~*~tactically~*~*~ (stealth).
 21489 | Orc:1    | 21489 ||| DRINKING 11 potions of curing.
 21489 | Orc:1    | 21489 ||| (to cure confusion)
 21548 | Orc:1    | Found Loliof's Weapon Shoppe.
 21676 | Orc:2    | Entered Level 2 of the Orcish Mines
 21687 | Orc:2    | 21687 ||| INVOKING Heroism.
 21748 | Orc:2    | 21748 ||| Stepping ~*~*~tactically~*~*~ (stealth).
 21768 | Orc:2    | 21768 ||| INVOKING Heroism.
 21837 | Orc:2    | 21837 ||| Stepping ~*~*~tactically~*~*~ (stealth).
 21839 | Orc:2    | 21839 ||| Stepping ~*~*~tactically~*~*~ (hiding).
 21840 | Orc:2    | 21840 ||| Stepping ~*~*~tactically~*~*~ (hiding).
 21841 | Orc:2    | 21841 ||| Stepping ~*~*~tactically~*~*~ (hiding).
 21842 | Orc:2    | 21842 ||| INVOKING Heroism.
 21854 | Orc:2    | 21854 ||| Stepping ~*~*~tactically~*~*~ (stealth).
 21857 | Orc:2    | 21857 ||| INVOKING Heroism.
 21886 | Orc:2    | 21886 ||| Stepping ~*~*~tactically~*~*~ (stealth).
 21890 | Orc:2    | 21890 ||| Stepping ~*~*~tactically~*~*~ (hiding).
 21892 | Orc:2    | 21892 ||| Stepping ~*~*~tactically~*~*~ (hiding).
 21893 | Orc:2    | 21893 ||| INVOKING Heroism.
 21924 | Orc:2    | 21924 ||| Stepping ~*~*~tactically~*~*~ (hiding).
 21925 | Orc:2    | 21925 ||| Stepping ~*~*~tactically~*~*~ (hiding).
 21927 | Orc:2    | 21927 ||| Stepping ~*~*~tactically~*~*~ (hiding).
 21946 | Orc:2    | 21946 ||| Stepping ~*~*~tactically~*~*~ (hiding).
 21947 | Orc:2    | 21947 ||| Stepping ~*~*~tactically~*~*~ (hiding).
 21955 | Orc:2    | 21955 ||| FLEEEEING.
 21957 | Orc:2    | 21957 ||| FLEEEEING.
 21958 | Orc:2    | 21958 ||| FLEEEEING.
 21959 | Orc:2    | 21959 ||| FLEEEEING.
 21960 | Orc:2    | 21960 ||| FLEEEEING.
 21965 | Orc:2    | 21965 ||| FLEEEEING.
 21966 | Orc:2    | 21966 ||| FLEEEEING.
 21967 | Orc:2    | 21967 ||| FLEEEEING.
 21968 | Orc:2    | 21968 ||| FLEEEEING.
 21969 | Orc:2    | 21969 ||| FLEEEEING.
 21971 | Orc:2    | 21971 ||| FLEEEEING.
 21972 | Orc:2    | 21972 ||| STAIRDANCE
 22004 | Orc:2    | 22004 ||| INVOKING Heroism.
 22029 | Orc:2    | Found a staircase to the Elven Halls.
 22088 | Orc:2    | 22088 ||| INVOKING Heroism.
 22102 | Orc:2    | Paralysed by an ogre mage for 3 turns
 22113 | Orc:2    | Reached skill level 17 in Axes
 22137 | Orc:2    | 22137 ||| INVOKING Heroism.
 22353 | Orc:1    | Found a burning altar of Makhleb.
 22389 | Orc:1    | 22389 ||| Stepping ~*~*~tactically~*~*~ (hiding).
 22598 | Orc:2    | Found a burning altar of Makhleb.
 22763 | Orc:2    | 22763 ||| INVOKING Heroism.
 22766 | Orc:2    | 22766 ||| Stepping ~*~*~tactically~*~*~ (hiding).
 22775 | Orc:2    | 22775 ||| Stepping ~*~*~tactically~*~*~ (hiding).
 22835 | Orc:2    | Found Zimy's Armour Boutique.
 22835 | Orc:2    | Found Gaukk's General Store.
 22837 | Orc:2    | Found Xeagh's Jewellery Boutique.
 22837 | Orc:2    | Found Qerrir's Magic Scroll Emporium.
 22843 | Orc:2    | 22843 ||| BUYING +1 helmet of see invisible (198 gold).
 22843 | Orc:2    | Bought a +1 helmet of see invisible for 198 gold pieces
 22845 | Orc:2    | 22845 ||| BUYING +4 ring of protection (612 gold).
 22845 | Orc:2    | Bought a +4 ring of protection for 612 gold pieces
 22845 | Orc:2    | 22845 ||| BUYING amulet "Xuonik" {Spirit Fly rElec rC++}
                  | (1081 gold).
 22845 | Orc:2    | Bought the amulet "Xuonik" {Spirit Fly rElec rC++} for 1081
                  | gold pieces
 22845 | Orc:2    | 22845 ||| SHOPLISTING ring "Roupigown" {rPois rC+ rCorr
                  | EV+5} (1016 gold, have 311).
 22845 | Orc:2    | 22845 ||| SHOPLISTING ring of fire (425 gold, have 311).
 22846 | Orc:2    | 22846 ||| BUYING scroll of identify (32 gold).
 22846 | Orc:2    | Bought a scroll of identify for 32 gold pieces
 22846 | Orc:2    | 22846 ||| BUYING scroll of identify (32 gold).
 22846 | Orc:2    | Bought a scroll of identify for 32 gold pieces
 22846 | Orc:2    | 22846 ||| BUYING scroll of teleportation (48 gold).
 22846 | Orc:2    | Bought a scroll of teleportation for 48 gold pieces
 22846 | Orc:2    | 22846 ||| BUYING scroll of teleportation (48 gold).
 22846 | Orc:2    | Bought a scroll of teleportation for 48 gold pieces
 22848 | Orc:2    | 22848 ||| SHOPLISTING +18 shield of the Gong {Loud rN+
                  | Will+ rCorr EV-5} (1150 gold, have 151).
 22848 | Orc:2    | 22848 ||| BUYING potion of heal wounds (60 gold).
 22848 | Orc:2    | Bought a potion of heal wounds for 60 gold pieces
 22926 | Orc:2    | Found a runed translucent door.
 23177 | Orc:2    | 23177 ||| PLANNING SNAKE:1-3
 23177 | Orc:2    | 23177 ||| UPGRADING to +1 helmet of see invisible.
 23187 | Orc:2    | 23187 ||| REMOVING ring of see invisible.
 23188 | Orc:2    | 23188 ||| DROPPING +0 helmet.
 23189 | Orc:2    | 23189 ||| UPGRADING to ring of protection from fire.
 23190 | Orc:2    | 23190 ||| DROPPING ring of see invisible.
 23191 | Orc:2    | 23191 ||| UPGRADING to +6 ring of strength.
 23193 | Orc:2    | 23193 ||| UPGRADING to +4 ring of protection.
 23195 | Orc:2    | 23195 ||| DROPPING +6 ring of strength.
 23371 | Snake:1  | Entered Level 1 of the Snake Pit
 23408 | Snake:1  | Noticed Agnes
 23409 | Snake:1  | 23409 ||| INVOKING Heroism.
 23443 | Snake:1  | HP: 14/103 [Agnes/+1 vampiric lajatang (18)]
 23444 | Snake:1  | 23444 ||| READING 3 scrolls of teleportation.
 23444 | Snake:1  | HP: 6/103 [Agnes/+1 vampiric lajatang (9)]
 23445 | Snake:1  | 23445 ||| DRINKING 3 potions of heal wounds.
 23446 | Snake:1  | 23446 ||| DRINKING 2 potions of heal wounds.
 23449 | Snake:1  | Killed Agnes
 23681 | Snake:1  | 23681 ||| INVOKING Heroism.
 23683 | Snake:1  | Received a gift from Okawaru
 23710 | Snake:1  | 23710 ||| INVOKING Heroism.
 23921 | Snake:1  | Found Potrueph's Assorted Antiques.
 24035 | Snake:1  | 24035 ||| Stepping ~*~*~tactically~*~*~ (hiding).
 24037 | Snake:1  | 24037 ||| Stepping ~*~*~tactically~*~*~ (hiding).
 24039 | Snake:1  | 24039 ||| Stepping ~*~*~tactically~*~*~ (hiding).
 24041 | Snake:1  | 24041 ||| Stepping ~*~*~tactically~*~*~ (hiding).
 24159 | Snake:1  | Noticed Aizul
 24160 | Snake:1  | 24160 ||| INVOKING Heroism.
 24183 | Snake:1  | Killed Aizul
 24275 | Snake:1  | 24275 ||| Stepping ~*~*~tactically~*~*~ (hiding).
 24277 | Snake:1  | 24277 ||| Stepping ~*~*~tactically~*~*~ (hiding).
 24283 | Snake:1  | 24283 ||| INVOKING Heroism.
 24362 | Snake:1  | 24362 ||| Stepping ~*~*~tactically~*~*~ (hiding).
 24557 | Snake:1  | 24557 ||| READING scroll labelled IKKYJ JOEKETU.
 24583 | Snake:2  | 24583 ||| INVOKING Heroism.
 24584 | Snake:2  | Noticed Vashnia
 24609 | Snake:2  | HP: 24/104 [naga sharpshooter/bolt[Vashnia] (11)]
 24610 | Snake:2  | 24610 ||| READING 2 scrolls of teleportation.
 24611 | Snake:2  | 24611 ||| DRINKING 2 potions of heal wounds.
 24625 | Snake:2  | Received a gift from Okawaru
 24855 | Snake:2  | 24855 ||| READING scroll of enchant armour.
 24855 | Snake:2  | 24855 ||| ENCHANTING +1 helmet of see invisible.
 25046 | Snake:2  | 25046 ||| INVOKING Heroism.
 25114 | Snake:2  | 25114 ||| Stepping ~*~*~tactically~*~*~ (hiding).
 25121 | Snake:2  | 25121 ||| Stepping ~*~*~tactically~*~*~ (hiding).
 25123 | Snake:2  | 25123 ||| Stepping ~*~*~tactically~*~*~ (hiding).
 25138 | Snake:2  | 25138 ||| INVOKING Heroism.
 25142 | Snake:2  | 25142 ||| Stepping ~*~*~tactically~*~*~ (hiding).
 25145 | Snake:2  | 25145 ||| Stepping ~*~*~tactically~*~*~ (hiding).
 25150 | Snake:2  | 25150 ||| Stepping ~*~*~tactically~*~*~ (hiding).
 25170 | Snake:2  | 25170 ||| INVOKING Heroism.
 25172 | Snake:2  | HP: 24/104 [naga sharpshooter/bolt[Vashnia] (4)]
 25173 | Snake:2  | 25173 ||| READING scroll of teleportation.
 25173 | Snake:2  | HP: 7/104 [naga sharpshooter/arrow[Vashnia] (18)]
 25174 | Snake:2  | 25174 ||| DRINKING potion of heal wounds.
 25178 | Snake:2  | 25178 ||| FLEEEEING.
 25179 | Snake:2  | 25179 ||| FLEEEEING.
 25180 | Snake:2  | 25180 ||| FLEEEEING.
 25185 | Snake:2  | 25185 ||| STAIRDANCE
 25405 | Snake:2  | 25405 ||| Stepping ~*~*~tactically~*~*~ (hiding).
 25406 | Snake:2  | 25406 ||| Stepping ~*~*~tactically~*~*~ (hiding).
 25411 | Snake:2  | 25411 ||| INVOKING Heroism.
 25476 | Snake:2  | Found Iddiept's Book Emporium.
 25476 | Snake:2  | Found Noru's Jewellery Shop.
 25477 | Snake:2  | Found Onugroil's Jewellery Shop.
 25482 | Snake:2  | 25482 ||| SHOPLISTING ring of protection from fire (425
                  | gold, have 181).
 25482 | Snake:2  | 25482 ||| SHOPLISTING ring of resist corrosion (340 gold,
                  | have 181).
 25486 | Snake:2  | 25486 ||| SHOPLISTING +5 ring of evasion (540 gold, have
                  | 181).
 25486 | Snake:2  | 25486 ||| SHOPLISTING ring of Sigykke {*Slow rF- rC+ Str+5
                  | Stlth+} (490 gold, have 181).
 25520 | Snake:2  | Reached XP level 17. HP: 108/108 MP: 24/24
 25658 | Snake:2  | 25658 ||| INVOKING Heroism.
 25686 | Snake:2  | Reached skill level 18 in Axes
 25858 | Snake:2  | 25858 ||| Stepping ~*~*~tactically~*~*~ (hiding).
 26023 | Snake:2  | 26023 ||| INVOKING Heroism.
 26089 | Snake:2  | Killed Vashnia
 26090 | Snake:2  | 26090 ||| FLEEEEING.
 26091 | Snake:2  | 26091 ||| FLEEEEING.
 26092 | Snake:2  | 26092 ||| FLEEEEING.
 26093 | Snake:2  | 26093 ||| FLEEEEING.
 26106 | Snake:2  | 26106 ||| FLEEEEING.
 26107 | Snake:2  | 26107 ||| FLEEEEING.
 26123 | Snake:2  | 26123 ||| FLEEEEING.
 26124 | Snake:2  | 26124 ||| FLEEEEING.
 26126 | Snake:2  | 26126 ||| STAIRDANCE
 26287 | Snake:2  | 26287 ||| Stepping ~*~*~tactically~*~*~ (hiding).
 26289 | Snake:2  | 26289 ||| Stepping ~*~*~tactically~*~*~ (hiding).
 26292 | Snake:2  | 26292 ||| Stepping ~*~*~tactically~*~*~ (hiding).
 26294 | Snake:2  | 26294 ||| Stepping ~*~*~tactically~*~*~ (hiding).
 26295 | Snake:2  | 26295 ||| INVOKING Heroism.
 26302 | Snake:2  | Received a gift from Okawaru
 26354 | Snake:2  | 26354 ||| Stepping ~*~*~tactically~*~*~ (hiding).
 26355 | Snake:2  | 26355 ||| Stepping ~*~*~tactically~*~*~ (hiding).
 26432 | Snake:1  | 26432 ||| SHOPLISTING potion of cancellation (280 gold,
                  | have 220).
 26432 | Snake:1  | 26432 ||| BUYING potion of might (140 gold).
 26432 | Snake:1  | Bought a potion of might for 140 gold pieces
 26432 | Snake:1  | 26432 ||| BUYING scroll of identify (70 gold).
 26432 | Snake:1  | Bought a scroll of identify for 70 gold pieces
 26432 | Snake:1  | 26432 ||| SHOPLISTING steel ring (175 gold, have 10).
 26617 | Snake:3  | Found Dojaph's Antique Weapon Emporium.
 26660 | Snake:3  | 26660 ||| INVOKING Heroism.
 26688 | Snake:3  | Found Houneitwa's One-of-a-Kind Rings.
 26697 | Snake:3  | 26697 ||| SHOPLISTING +8 ring of evasion (780 gold, have
                  | 51).
 26697 | Snake:3  | 26697 ||| SHOPLISTING ring of Ruang {+Blink rF+ Str+3 Dex+3
                  | Stlth+} (401 gold, have 51).
 26697 | Snake:3  | 26697 ||| SHOPLISTING ring of Xyas {Wiz rPois Will+ Int+3
                  | Dex+2 SInv} (615 gold, have 51).
 26747 | Snake:3  | 26747 ||| INVOKING Heroism.
 26747 | Snake:3  | HP: 23/110 [salamander/+4 trident of venom (14)]
 26748 | Snake:3  | HP: 6/110 [salamander mystic/+0 quarterstaff (13)]
 26750 | Snake:3  | Killed from afar by a salamander mystic

Levels and vault maps discovered:
D:1:      minmay_arrival_stone_box, layout_loops_ring
D:2:      layout_basic, uniq_robin
D:3:      layout_loops_cross, nicolae_elyvilon_peaceful_grove,
          old_standard_altar, lemuel_coloured_pillars_altar, uniq_grinder,
          uniq_ijyb
D:4:      layout_rooms, lemuel_round_altar, xom_butterflies, uniq_edmund
D:5:      layout_rooms, lemuel_doored_altar, minmay_temple_entry_poolview,
          portal_sewer_entry_b, kennysheep_small_square, uniq_menkaure,
          uniq_prince_ribbit1
D:6:      layout_loops_ring, nicolae_dithmenos_through_a_glass_darkly
D:7:      layout_basic, enter_bailey_5
D:8:      nzn_winding_woodlands_medium [nzn_winding_woodlands_5x5_open_star,
          nzn_winding_woodlands_5x15_eye,
          nzn_winding_woodlands_5x5_checkerboard,
          nzn_winding_woodlands_5x5_cross,
          nzn_winding_woodlands_center_diamonds,
          nzn_winding_woodlands_5x5_default,
          nzn_winding_woodlands_5x5_perimeter, nzn_winding_woodlands_5x15_cabin,
          nzn_winding_woodlands_hourglass], layout_cave_pools, minivault_21,
          minmay_misc_feat_cross, uniq_gastronok, uniq_psyche, uniq_joseph,
          uniq_maggie, uniq_erica
D:9:      layout_loops_cross, uniq_harold
D:10:     layout_roguey, gammafunk_temple_overflow_pools,
          hellmonk_lair_entry_icy, minmay_orc_keep
D:11:     layout_loops_corners, david_orc_5, evilmike_butchery
D:12:     layout_stronghold, hex_large
D:13:     minmay_the_grid_plus [minmay_the_grid_broken_lines,
          minmay_the_grid_tree, minmay_the_grid_armoury,
          minmay_the_grid_spin_star,
          minmay_the_grid_prize_four_corners_diamond_a], layout_gridville,
          david_vaults_2, portal_ice_cave_entry_pillars_2,
          chequers_decorated_corner, cheibrodos_ashenzari_chains, uniq_maurice
D:14:     layout_big_octagon, serial_bayou_pond_a, hellmonk_guarded_unrand_zhor,
          uniq_snorg
D:15:     grunt_enter_depths_snipers, layout_loops_corners, bloody_makhleb,
          minivault_7
Temple:   nicolae_temple_god_jail
Lair:1:   layout_roguey, nicolae_volcano_entry_hallway
Lair:2:   layout_gridlike, minmay_shoals_entry_centaurs,
          guppyfry_snake_entry_island
Lair:3:   layout_gridlike, beast_lair_carwin_4
Lair:4:   statuecave_lemuel, layout_regular_city, slime_entry_2,
          lemuel_old_faithful, grunt_megastairs_3, uniq_kirke
Lair:5:   evilmike_catoblepas_cave, layout_cave_pods,
          chequers_serial_rivers_micro_a, lemuel_fruit_fields,
          lemuel_fruit_fields
Snake:1:  layout_onion, nicolae_take_the_stairs, uniq_aizul, uniq_agnes
Snake:2:  layout_cave_shapes, grunt_megastairs_1, minmay_shop_grove,
          uniq_vashnia
Snake:3:  layout_cave_town, ebering_ghost_reflecting_pool, serial_shops, shop,
          st_stairs_1, minmay_shop_enchanted_jewellery,
          nicolae_shop_unique_rings, grunt_megastairs_2, uniq_donald
Orc:1:    layout_caves, basic_altar, serial_shops, shop
Orc:2:    grunt_orc_tribal_feast, layout_caves, basic_altar,
          lightli_church_of_beogh

Skill      XL: |  1  2  3  4  5  6  7  8  9 10 11 12 13 14 15 16 17 |
---------------+----------------------------------------------------+-----
Axes           | 2 3 4 5 7 8 9 11 13 15 16 17 18 | 18.0
Dodging        | 3 |  3.4
Fighting       | 4 6 8 9 10 11 12 13 | 13.8
Shields        | 4 8 9 10 11 12 13 | 13.5
Armour         | 7 9 10 11 12 13 | 13.0
Invocations    | 2 4 6 10 | 10.0
Throwing       | 3 4 5 6 7 |  7.0

Action                     |  1- 3 |  4- 6 |  7- 9 | 10-12 | 13-15 | 16-18 || total
---------------------------+-------+-------+-------+-------+-------+-------++-------
  Melee: War axe           |    84 |   138 |   306 |    29 |       |       ||   557
         Broad axe         |       |       |       |   450 |  1121 |   690 ||  2261
         Mace              |       |       |       |       |    35 |       ||    35
         Hand axe          |       |       |       |       |     4 |     3 ||     7
  Throw: Javelin           |       |       |       |    69 |    68 |    36 ||   173
         Boomerang         |       |       |       |     9 |    97 |    19 ||   125
 Invoke: Heroism           |       |       |     6 |    24 |    40 |    28 ||    98
         Finesse           |       |       |       |       |     3 |       ||     3
    Use: Scroll            |     4 |     4 |    11 |     5 |    13 |     6 ||    43
         Potion            |       |     4 |     4 |       |     5 |     5 ||    18
 Armour: Scale mail        |    44 |    87 |    83 |       |       |       ||   214
         Plate armour      |       |       |    51 |   254 |   615 |   366 ||  1286
  Dodge: Dodged            |    36 |    70 |   156 |   223 |   507 |   306 ||  1298
  Block: Buckler           |    21 |    30 |    59 |       |       |       ||   110
         Kite shield       |       |       |     2 |   267 |   726 |   387 ||  1382
         Reflection        |       |       |       |       |     7 |       ||     7

Table legend:
 A = Non-vault XP
 B = Vault XP
 C = Vault XP percentage of total XP
 D = Non-vault monster count
 E = Vault monster count
 F = Vault count percentage of total count
                 A         B        C        D         E       F
            +---------+---------+-------+---------+---------+-------
      Total |  128429 |   68967 |  34.9 |     534 |     233 |  30.4
            +---------+---------+-------+---------+---------+-------
        D:1 |      40 |       0 |   0.0 |      25 |       0 |   0.0
        D:2 |      50 |      38 |  43.2 |      22 |      11 |  33.3
        D:3 |     235 |     309 |  56.8 |      20 |       2 |   9.1
        D:4 |      68 |     171 |  71.5 |      11 |       1 |   8.3
        D:5 |     588 |     521 |  47.0 |      12 |       8 |  40.0
        D:6 |     795 |       0 |   0.0 |      16 |       0 |   0.0
        D:7 |    1657 |       2 |   0.1 |      27 |       1 |   3.6
        D:8 |     499 |    6447 |  92.8 |      23 |      19 |  45.2
        D:9 |    3269 |     878 |  21.2 |      31 |       1 |   3.1
       D:10 |     944 |    1024 |  52.0 |      17 |      14 |  45.2
       D:11 |    2745 |    1482 |  35.1 |       9 |      23 |  71.9
       D:12 |    6816 |       0 |   0.0 |      15 |       0 |   0.0
       D:13 |    7882 |   11000 |  58.3 |      13 |      27 |  67.5
       D:14 |   12689 |    4338 |  25.5 |      22 |      10 |  31.2
       D:15 |   17709 |    4810 |  21.4 |      37 |      21 |  36.2
     Lair:1 |    3089 |       0 |   0.0 |       9 |       0 |   0.0
     Lair:2 |    4159 |     716 |  14.7 |      19 |       6 |  24.0
     Lair:3 |    4328 |     737 |  14.6 |      18 |       6 |  25.0
     Lair:4 |    8614 |    2406 |  21.8 |      24 |       5 |  17.2
     Lair:5 |   10958 |   11595 |  51.4 |      33 |      23 |  41.1
    Snake:1 |   12316 |    2706 |  18.0 |      26 |       2 |   7.1
    Snake:2 |   15624 |    9379 |  37.5 |      37 |      10 |  21.3
    Snake:3 |    4676 |    3066 |  39.6 |      11 |       6 |  35.3
      Orc:1 |    3120 |       0 |   0.0 |      31 |       0 |   0.0
      Orc:2 |    5559 |    7181 |  56.4 |      26 |      29 |  52.7
      Sewer |       0 |     161 | 100.0 |       0 |       8 | 100.0
            +---------+---------+-------+---------+---------+-------
